 Dungeon Crawl Stone Soup version 0.29.0-4-gdea44cf6ec (webtiles) character file.

Game seed: 7775120949500463942

9935 qw the Cleaver (level 11, -3/102 HPs)
             Began as a Minotaur Berserker on Sept 10, 2022.
             Was an Elder of Trog.
             Slain by a cane toad (4 damage)
             ... while petrified by a basilisk
             ... on level 1 of the Lair of Beasts.
             The game lasted 00:03:15 (8968 turns).

qw the Cleaver (Minotaur Berserker)                 Turns: 8968, Time: 00:03:15

Health: -3/102     AC: 19    Str: 26    XL:     11   Next: 29%
Magic:  10/10      EV:  2    Int:  4    God:    Trog [****..]
Gold:   276        SH:  0    Dex: 16    Spells: 10/10 levels left

rFire   . . .      SeeInvis .   Y - +3 hand axe
rCold   . . .      Faith    .   (no shield)
rNeg    + + +      Spirit   .   a - +0 plate armour
rPois   inf        Reflect  .   o - +2 hat
rElec   .          Harm     .   p - +0 cloak
rCorr   .          Rampage  .   r - +0 pair of gloves
Will    .....                   (no boots)
Stlth   ..........              q - amulet of the acrobat
HPRegen 0.27/turn               d - +4 ring of slaying {mikee}
MPRegen 0.12/turn               n - +6 ring of dexterity

@: lethally poisoned (-3 -> -3), about to teleport, petrified, on berserk
cooldown
A: horns 2, retaliatory headbutt
a: Renounce Religion, Berserk, Trog's Hand, Brothers in Arms


You were on level 1 of the Lair of Beasts.
You worshipped Trog.
Trog was greatly pleased with you.
You visited 2 branches of the dungeon, and saw 9 of its levels.
You also visited: Sewer.

You collected 424 gold pieces.
You spent 148 gold pieces at shops.


Innate Abilities, Weirdness & Mutations

You have a pair of horns on your head.
You reflexively headbutt those who attack you in melee.


   Skills:
 - Level 11.0 Fighting
 - Level 14.7 Axes
 - Level 2.0 Throwing
 - Level 10.0 Armour
 + Level 5.9 Dodging


You had 10 spell levels left.
You didn't know any spells.
Your spell library was empty.

Inventory:

Hand Weapons
 k - a +0 morningstar
 Y - a +3 hand axe (weapon)
Missiles
 c - 9 boomerangs (quivered)
Armour
 a - a +0 plate armour (worn)
 o - a +2 hat (worn)
 p - a +0 cloak (worn)
 r - a +0 pair of gloves (worn)
Jewellery
 d - a +4 ring of slaying (left hand) {mikee}
 n - a +6 ring of dexterity (right hand)
 q - an amulet of the acrobat (around neck)
Scrolls
 e - a scroll of noise {unknown}
 h - 2 scrolls of identify
 m - 2 scrolls of teleportation
Potions
 f - 5 potions of curing
 i - a potion of flight {unknown}
 j - 3 potions of might
 l - 4 potions of heal wounds

Dungeon Overview and Level Annotations

Branches:
Dungeon (8/15)             Temple (0/1) D:5            Lair (1/5) D:8
  Sewer (visited)

Altars:
Elyvilon
Kikubaaqudgha
Qazlal
Ru
Trog
Uskayaw
Vehumet
Wu Jian
The Shining One

Shops:
D:4 **   D:7 *

Annotations:
D:6 1 runed translucent door, Crazy Yiuf


Message History

Trog accepts your kill. The cane toad stings you.
The basilisk completely misses you. You furiously retaliate!
You headbutt the basilisk, but do no damage.
You barely miss the basilisk.
The basilisk is lightly wounded.
You hit the cane toad but do no damage. The cane toad misses you.
You hit the basilisk.
The basilisk is moderately wounded.
You slash the cane toad! The basilisk gazes at you.
You are slowing down.
The cane toad stings you!
You are poisoned.
The cane toad poisons you!
8966 ||| DRINKING potion of cancellation.
You feel limber!
Your magical effects are unravelling.
You feel magically purged.
You feel yourself speed up.
The sentinel's mark upon you fades away.
You feel extremely sick.
The blink frog blinks!
The cane toad stings you! The basilisk bites you.
The blink frog blinks!
The cane toad stings you! The basilisk bites you! The cane toad misses you.
You furiously retaliate!
You headbutt the cane toad! The basilisk gazes at you.
You are slowing down.
Your limbs are stiffening.
8967 ||| READING 3 scrolls of teleportation.
As you read the scroll of teleportation, it crumbles to dust.
You feel strangely unstable.
You feel very sick. The cane toad stings you! The basilisk gazes at you.
You resist with some effort.
You have turned to stone.
The cane toad stings you! The basilisk gazes at you.
You resist with some effort. The cane toad stings you!
You die...

###.PP#### ##
.#........# ##.##+###
..........## #.......#
........... ##.......#
.#........## P.......#
#...(......#
##.......## #....lF..#
#.........#
#.....@F.#####.......P#
#........%...#.......#
#........###.'.......#
#........# ###.......#
#........# ###.'####
######+.## ##.## .##
#..# ## .## ##.# ....
#..#


You could see a cane toad, a basilisk and a blink frog.

Vanquished Creatures
  A boulder beetle (D:7)
  A two-headed ogre (D:8)
  A black mamba (Lair:1)
  A cane toad (Lair:1)
  Maggie (D:6)
  Grinder (Sewer)
  Prince Ribbit (D:6)
  3 blink frogs (Lair:1)
  4 dream sheep (Lair:1)
  Eustachio (D:6)
  14 yaks
  4 hogs (D:7)
  A human (D:7)
  A steam dragon (D:8)
  Duvessa (D:5)
  An orc warrior (D:7)
  2 black bears
  2 ice beasts
  A centaur (D:7)
  A phantom (D:6)
  A kobold brigand (Sewer)
  Blork the orc (D:5)
  2 bullfrogs (D:7)
  2 necrophages
  2 scorpions (D:5)
  13 wights
  Dowan (D:5)
  3 howler monkeys (D:8)
  2 quasits (Sewer)
  6 orc priests
  A gnoll bouda (D:5)
  3 hounds
  3 iguanas
  4 orc wizards
  Robin (D:2)
  7 gnolls
  8 adders
  2 shadow imps (D:8)
  4 ufetubi
  A worm (D:5)
  2 dart slugs
  45 orcs
  A bat zombie (Sewer)
  14 endoplasms
  8 giant cockroaches
  19 goblins
  6 hobgoblins
  11 jackals
  6 quokkas
  5 ball pythons
  8 bats
  2 frilled lizards (D:1)
  A giant cockroach zombie (Sewer)
  33 kobolds
  8 rats
  A spectral hobgoblin (D:3)
280 creatures vanquished.

Vanquished Creatures (collateral kills)
  A rime drake (Lair:1)
1 creature vanquished.

Vanquished Creatures (others)
  2 orcs (D:8)
  An endoplasm (Sewer)
  A fungus (Lair:1)
4 creatures vanquished.

Grand Total: 285 creatures vanquished

Notes
Turn   | Place    | Note
-------+----------+-------------------------------------------
     0 | D:1      | qw the Minotaur Berserker began the quest for the Orb.
     0 | D:1      | Reached XP level 1. HP: 19/19 MP: 0/0
     0 | D:1      | 0 ||| qw: Version: 0.1-a-113-g051387a
     0 | D:1      | 0 ||| qw: Game counter: 7406
     0 | D:1      | 0 ||| qw: Always use a shield: true
     0 | D:1      | 0 ||| qw: Do Orc after D:15 true
     0 | D:1      | 0 ||| qw: Do second Lair branch before Depths: true
     0 | D:1      | 0 ||| qw: Lair rune preference: random
     0 | D:1      | 0 ||| qw: Plans: Normal
     0 | D:1      | 0 ||| PLANNING D:1-11
    41 | D:1      | Reached skill level 4 in Axes
    54 | D:1      | 54 ||| Stepping ~*~*~tactically~*~*~ (stealth).
    65 | D:1      | Reached XP level 2. HP: 22/26 MP: 1/1
   143 | D:1      | 143 ||| Stepping ~*~*~tactically~*~*~ (hiding).
   372 | D:1      | 372 ||| Stepping ~*~*~tactically~*~*~ (stealth).
   581 | D:1      | 581 ||| Stepping ~*~*~tactically~*~*~ (stealth).
   583 | D:1      | 583 ||| Stepping ~*~*~tactically~*~*~ (stealth).
   687 | D:1      | Reached skill level 5 in Axes
   833 | D:1      | 833 ||| UPGRADING to +0 leather armour.
   843 | D:1      | 843 ||| DROPPING +0 animal skin.
   844 | D:1      | 844 ||| UPGRADING to +0 chain mail.
   854 | D:1      | 854 ||| DROPPING +0 leather armour.
   855 | D:1      | 855 ||| READING 3 scrolls labelled ERGHU FOLUD.
   860 | D:1      | 860 ||| READING 3 scrolls labelled ISOLI VOTTELEN.
   861 | D:1      | 861 ||| READING scroll labelled UTZUIQ FOUSSI.
   862 | D:1      | 862 ||| READING scroll labelled NYENGI CIYC.
   863 | D:1      | 863 ||| READING scroll labelled RAINAMY AZOEGIUP.
   864 | D:1      | 864 ||| READING 2 scrolls of identify.
   864 | D:1      | 864 ||| IDENTIFYING grey potion
   884 | D:2      | Reached XP level 3. HP: 31/31 MP: 2/2
   937 | D:2      | Reached ** piety under Trog
  1005 | D:2      | 1005 ||| DRINKING 2 pink potions.
  1006 | D:2      | Identified the -1 helmet of Qazlal's Pride {rC+ Will++ MP+9
                  | Slay-2}
  1006 | D:2      | Noticed Robin
  1007 | D:2      | 1007 ||| Stepping ~*~*~tactically~*~*~ (hiding).
  1011 | D:2      | 1011 ||| Stepping ~*~*~tactically~*~*~ (hiding).
  1013 | D:2      | 1013 ||| INVOKING Berserk.
  1018 | D:2      | Killed Robin
  1230 | D:2      | Reached XP level 4. HP: 34/39 MP: 3/3
  1448 | D:2      | Reached skill level 1 in Throwing
  1464 | D:2      | Reached skill level 6 in Axes
  1483 | D:2      | 1483 ||| Stepping ~*~*~tactically~*~*~ (stealth).
  1486 | D:2      | 1486 ||| Stepping ~*~*~tactically~*~*~ (stealth).
  1768 | D:2      | 1768 ||| DRINKING 2 blue potions.
  1769 | D:2      | 1769 ||| DROPPING potion of degeneration.
  1826 | D:3      | Found a faded altar of an unknown god.
  1854 | D:3      | 1854 ||| Stepping ~*~*~tactically~*~*~ (stealth).
  1855 | D:3      | 1855 ||| Stepping ~*~*~tactically~*~*~ (stealth).
  2040 | D:3      | 2040 ||| Stepping ~*~*~tactically~*~*~ (stealth).
  2049 | D:3      | Reached XP level 5. HP: 41/45 MP: 4/4
  2157 | D:3      | 2157 ||| Stepping ~*~*~tactically~*~*~ (stealth).
  2159 | D:3      | 2159 ||| Stepping ~*~*~tactically~*~*~ (hiding).
  2167 | D:3      | Reached *** piety under Trog
  2354 | D:3      | Reached skill level 7 in Axes
  2457 | D:3      | You fall into a shaft and drop 2 floors!
  2457 | D:5      | Entered Level 5 of the Dungeon
  2473 | D:5      | Noticed a black bear
  2477 | D:5      | 2477 ||| INVOKING Berserk.
  2479 | D:5      | Killed a black bear
  2595 | D:5      | Found a white marble altar of Elyvilon.
  2615 | D:5      | Reached XP level 6. HP: 53/56 MP: 5/5
  2679 | D:5      | 2679 ||| READING 2 scrolls of identify.
  2679 | D:5      | 2679 ||| IDENTIFYING murky puce potion
  2682 | D:5      | Noticed Dowan
  2685 | D:5      | 2685 ||| INVOKING Berserk.
  2686 | D:5      | Noticed an ice beast
  2686 | D:5      | Noticed Duvessa
  2689 | D:5      | Killed Dowan
  2690 | D:5      | Reached skill level 8 in Axes
  2698 | D:5      | Killed Duvessa
  2699 | D:5      | Reached XP level 7. HP: 30/61 MP: 6/6
  2703 | D:5      | HP: 6/61 [ice beast (13)]
  2704 | D:5      | 2704 ||| READING 2 scrolls of teleportation.
  2705 | D:5      | 2705 ||| DRINKING potion of heal wounds.
  2710 | D:5      | HP: 14/61 [gnoll/+0 spear[a gnoll bouda] (3)]
  2711 | D:5      | 2711 ||| READING scroll of teleportation.
  2714 | D:5      | Reached skill level 9 in Axes
  2980 | D:5      | 2980 ||| DROPPING +0 mace.
  2995 | D:5      | Found a staircase to the Ecumenical Temple.
  3001 | D:5      | 3001 ||| INVOKING Berserk.
  3009 | D:5      | Reached skill level 3 in Armour
  3036 | D:5      | 3036 ||| INVOKING Berserk.
  3079 | D:5      | Noticed Blork the orc
  3082 | D:5      | 3082 ||| INVOKING Berserk.
  3084 | D:5      | Killed Blork the orc
  3089 | D:5      | Reached skill level 10 in Axes
  3195 | D:5      | 3195 ||| UPGRADING to +4 ring of slaying {mikee}.
  3204 | D:4      | 3204 ||| PLANNING SEWER
  3207 | D:4      | Found Laeheen's Assorted Antiques.
  3216 | D:4      | 3216 ||| SHOPLISTING glowing ring mail (182 gold, have
                  | 118).
  3216 | D:4      | 3216 ||| BUYING lumpy black potion (23 gold).
  3216 | D:4      | Bought a lumpy black potion for 23 gold pieces
  3216 | D:4      | 3216 ||| BUYING potion of curing (78 gold).
  3216 | D:4      | Bought a potion of curing for 78 gold pieces
  3216 | D:4      | 3216 ||| SHOPLISTING scroll labelled ECZUOQ EROLL (26 gold,
                  | have 17).
  3216 | D:4      | 3216 ||| SHOPLISTING smoky dark potion (23 gold, have 17).
  3216 | D:4      | 3216 ||| SHOPLISTING viscous green potion (23 gold, have
                  | 17).
  3295 | D:4      | Found a glowing drain.
  3305 | Sewer    | Entered a sewer
  3360 | Sewer    | Reached **** piety under Trog
  3423 | Sewer    | Found a burning altar of Makhleb.
  3455 | Sewer    | Reached skill level 6 in Fighting
  3455 | Sewer    | Reached XP level 8. HP: 37/71 MP: 7/7
  3679 | Sewer    | Noticed Grinder
  3680 | Sewer    | 3680 ||| Stepping ~*~*~tactically~*~*~ (stealth).
  3682 | Sewer    | 3682 ||| Stepping ~*~*~tactically~*~*~ (hiding).
  3683 | Sewer    | 3683 ||| Stepping ~*~*~tactically~*~*~ (hiding).
  3684 | Sewer    | 3684 ||| INVOKING Trog's Hand.
  3688 | Sewer    | 3688 ||| INVOKING Berserk.
  3693 | Sewer    | Killed Grinder
  3694 | Sewer    | Reached skill level 11 in Axes
  3812 | Sewer    | 3812 ||| READING scroll of enchant weapon.
  3812 | Sewer    | 3812 ||| ENCHANTING +1 hand axe.
  3882 | Sewer    | 3882 ||| READING 2 scrolls of identify.
  3882 | Sewer    | 3882 ||| IDENTIFYING fuming blue potion
  3928 | D:4      | 3928 ||| PLANNING D:1-11
  4001 | D:3      | Found a sacrificial altar of Ru.
  4300 | D:4      | Found Cymaicopp's Assorted Antiques.
  4308 | D:4      | 4308 ||| BUYING clear potion (22 gold).
  4308 | D:4      | Bought a clear potion for 22 gold pieces
  4308 | D:4      | 4308 ||| BUYING scroll labelled GACIAW DIADULE (25 gold).
  4308 | D:4      | Bought a scroll labelled GACIAW DIADULE for 25 gold pieces
  4308 | D:4      | 4308 ||| SHOPLISTING scroll of identify (50 gold, have 22).
  4308 | D:4      | 4308 ||| SHOPLISTING translucent war axe (212 gold, have
                  | 22).
  4352 | D:4      | Found an ornate altar of the Wu Jian Council.
  4352 | D:4      | Found a stormy altar of Qazlal.
  4352 | D:4      | Found an ancient bone altar of Kikubaaqudgha.
  4459 | D:4      | Found a radiant altar of Vehumet.
  4460 | D:4      | 4460 ||| DROPPING +4 flail.
  4490 | D:4      | Found a hide-covered altar of Uskayaw.
  4702 | D:4      | 4702 ||| Stepping ~*~*~tactically~*~*~ (stealth).
  4738 | D:4      | Found a glowing golden altar of the Shining One.
  4811 | D:4      | 4811 ||| UPGRADING to amulet of the acrobat.
  4816 | D:4      | 4816 ||| READING scroll labelled GACIAW DIADULE.
  4995 | D:5      | 4995 ||| READING scroll of enchant weapon.
  4995 | D:5      | 4995 ||| ENCHANTING +2 hand axe.
  5012 | D:5      | Reached skill level 12 in Axes
  5101 | D:5      | 5101 ||| UPGRADING to +0 pair of gloves.
  5106 | D:5      | 5106 ||| READING scroll labelled LEAX DAUMIUN.
  5107 | D:5      | 5107 ||| DRINKING 2 sedimented pink potions.
  5108 | D:5      | 5108 ||| DRINKING 2 clear potions.
  5213 | D:5      | 5213 ||| DROPPING potion of brilliance.
  5214 | D:5      | 5214 ||| DROPPING potion of berserk rage.
  5237 | D:6      | Noticed Maggie
  5238 | D:6      | Noticed Eustachio
  5246 | D:6      | Killed Maggie
  5247 | D:6      | Reached XP level 9. HP: 35/79 MP: 8/8
  5247 | D:6      | 5247 ||| INVOKING Berserk.
  5254 | D:6      | Killed Eustachio
  5258 | D:6      | Reached skill level 13 in Axes
  5372 | D:6      | 5372 ||| FLEEEEING.
  5471 | D:6      | 5471 ||| DROPPING +1 flail of protection.
  5650 | D:6      | Noticed Prince Ribbit
  5653 | D:6      | 5653 ||| INVOKING Berserk.
  5657 | D:6      | Killed Prince Ribbit
  5939 | D:6      | Found a runed translucent door.
  5940 | D:6      | Noticed Crazy Yiuf
  6033 | D:6      | 6033 ||| UPGRADING to +2 hat.
  6038 | D:6      | 6038 ||| UPGRADING to +0 cloak.
  6043 | D:6      | 6043 ||| READING scroll labelled SEWUUG SOILAIS.
  6044 | D:6      | 6044 ||| READING 2 scrolls of identify.
  6044 | D:6      | 6044 ||| IDENTIFYING glowing ruby potion
  6045 | D:6      | 6045 ||| DROPPING potion of magic.
  6071 | D:7      | 6071 ||| STAIRDANCE
  6120 | D:7      | 6120 ||| STAIRDANCE
  6186 | D:7      | 6186 ||| Stepping ~*~*~tactically~*~*~ (stealth).
  6189 | D:7      | 6189 ||| INVOKING Berserk.
  6199 | D:7      | 6199 ||| Stepping ~*~*~tactically~*~*~ (stealth).
  6340 | D:7      | Found Pulus's General Store.
  6342 | D:7      | 6342 ||| Stepping ~*~*~tactically~*~*~ (stealth).
  6344 | D:7      | 6344 ||| Stepping ~*~*~tactically~*~*~ (hiding).
  6373 | D:7      | 6373 ||| SHOPLISTING potion of haste (120 gold, have 94).
  6403 | D:7      | 6403 ||| INVOKING Berserk.
  6560 | D:7      | Noticed a boulder beetle
  6562 | D:7      | 6562 ||| INVOKING Berserk.
  6567 | D:7      | Killed a boulder beetle
  6568 | D:7      | Reached skill level 14 in Axes
  6653 | D:7      | 6653 ||| Stepping ~*~*~tactically~*~*~ (stealth).
  6700 | D:7      | Reached XP level 10. HP: 88/88 MP: 9/9
  6704 | D:7      | Reached skill level 6 in Armour
  6852 | D:7      | 6852 ||| Stepping ~*~*~tactically~*~*~ (stealth).
  6855 | D:7      | 6855 ||| Stepping ~*~*~tactically~*~*~ (stealth).
  6858 | D:7      | Reached skill level 3 in Dodging
  6858 | D:7      | 6858 ||| Stepping ~*~*~tactically~*~*~ (stealth).
  6865 | D:7      | 6865 ||| Stepping ~*~*~tactically~*~*~ (stealth).
  6893 | D:7      | 6893 ||| Stepping ~*~*~tactically~*~*~ (stealth).
  6896 | D:7      | 6896 ||| Stepping ~*~*~tactically~*~*~ (stealth).
  6912 | D:7      | Reached skill level 9 in Fighting
  7233 | D:7      | 7233 ||| Stepping ~*~*~tactically~*~*~ (stealth).
  7456 | D:7      | 7456 ||| UPGRADING to +0 plate armour.
  7466 | D:7      | 7466 ||| DROPPING +0 chain mail.
  7467 | D:7      | 7467 ||| DROPPING amulet of magic regeneration.
  7468 | D:7      | 7468 ||| READING 2 scrolls of identify.
  7468 | D:7      | 7468 ||| IDENTIFYING green potion
  7469 | D:7      | 7469 ||| DROPPING potion of lignification.
  7548 | D:8      | 7548 ||| STAIRDANCE
  7559 | D:8      | 7559 ||| STAIRDANCE
  7596 | D:8      | 7596 ||| STAIRDANCE
  7725 | D:8      | Found a bloodstained altar of Trog.
  7813 | D:8      | Found a staircase to the Lair.
  7850 | D:8      | 7850 ||| Stepping ~*~*~tactically~*~*~ (stealth).
  7852 | D:8      | 7852 ||| Stepping ~*~*~tactically~*~*~ (hiding).
  7853 | D:8      | 7853 ||| Stepping ~*~*~tactically~*~*~ (hiding).
  7873 | D:8      | Noticed a two-headed ogre
  7874 | D:8      | 7874 ||| Stepping ~*~*~tactically~*~*~ (stealth).
  7878 | D:8      | 7878 ||| INVOKING Berserk.
  7881 | D:8      | Killed a two-headed ogre
  7882 | D:8      | Reached skill level 9 in Armour
  7928 | D:8      | 7928 ||| INVOKING Berserk.
  8011 | D:8      | 8011 ||| DRINKING 5 potions of curing.
  8011 | D:8      | 8011 ||| (to cure confusion)
  8015 | D:8      | 8015 ||| Stepping ~*~*~tactically~*~*~ (stealth).
  8064 | D:8      | 8064 ||| Stepping ~*~*~tactically~*~*~ (stealth).
  8073 | D:8      | Reached ***** piety under Trog
  8087 | D:8      | Reached XP level 11. HP: 88/102 MP: 10/10
  8603 | D:8      | 8603 ||| PLANNING LAIR
  8603 | D:8      | 8603 ||| UPGRADING to +6 ring of dexterity.
  8604 | D:8      | 8604 ||| READING 2 scrolls labelled QITRICK XAUBI.
  8605 | D:8      | 8605 ||| DRINKING 2 viscous green potions.
  8706 | D:8      | 8706 ||| READING 2 scrolls of identify.
  8706 | D:8      | 8706 ||| IDENTIFYING fizzy purple potion
  8707 | D:8      | 8707 ||| DROPPING scroll of poison.
  8708 | D:8      | 8708 ||| DROPPING potion of attraction.
  8709 | D:8      | 8709 ||| DROPPING potion of ambrosia.
  8755 | Lair:1   | Entered Level 1 of the Lair of Beasts
  8833 | Lair:1   | 8833 ||| INVOKING Berserk.
  8939 | Lair:1   | 8939 ||| INVOKING Berserk.
  8948 | Lair:1   | 8948 ||| INVOKING Brothers in Arms.
  8949 | Lair:1   | 8949 ||| INVOKING Brothers in Arms.
  8966 | Lair:1   | 8966 ||| DRINKING potion of cancellation.
  8966 | Lair:1   | HP: 25/102 [cane toad (12)]
  8967 | Lair:1   | 8967 ||| READING 3 scrolls of teleportation.
  8967 | Lair:1   | HP: 9/102 [cane toad (6)]
  8968 | Lair:1   | HP: 1/102 [cane toad (8)]
  8968 | Lair:1   | Slain by a cane toad

Levels and vault maps discovered:
D:1:      scummos_arrival_gate, layout_loops_cross
D:2:      minmay_diamond_boxcup, layout_rooms, minmay_pentomino_o4, uniq_robin
D:3:      layout_basic, mainiacjoe_overflow_brackets,
          dreamdust_ecumenical_altar_drowned_temple, minmay_misc_feat_room
D:4:      layout_gridville, mainiacjoe_overflow_surrounded_room,
          nicolae_uskayaw_murder_on_the_dancefloor,
          gammafunk_temple_overflow_forgotten, tso_oasis_becter, serial_shops,
          nicolae_shop_overgrown_old_shop, shop, cheibrodos_sewer_entry_drain,
          patterned_corridor
D:5:      layout_rooms, lemuel_tele_altar, minmay_temple_entry_mist,
          uniq_blork_the_orc, uniq_duvessa
D:6:      layout_cave_pools, uniq_crazy_yiuf_cottage, uniq_maggie,
          uniq_prince_ribbit1, uniq_eustachio
D:7:      layout_basic, serial_shops, shop, minmay_misc_feat_more_columns,
          grunt_livestock
D:8:      layout_loops_ring, general_overflow_altar, lair_entry_dummy,
          kennysheep_generic_room_10
Lair:1:   layout_roguey [special_room_bee], grunt_megastairs_5

Skill      XL: |  1  2  3  4  5  6  7  8  9 10 11 |
---------------+----------------------------------+-----
Axes           | 4 5 6 7 8 10 12 14 | 14.7
Throwing       | 1 2 |  2.0
Fighting       | 5 6 7 8 11 | 11.0
Armour         | 3 4 5 9 10 | 10.0
Dodging        | 3 5 |  5.9

Action                   |  1- 3 |  4- 6 |  7- 9 | 10-12 || total
-------------------------+-------+-------+-------+-------++-------
Melee: Hand axe          |    62 |    91 |   182 |   158 ||   493
       Headbutt          |    10 |    11 |    44 |    35 ||   100
       Punch             |       |     1 |     5 |     3 ||     9
Throw: Boomerang         |    14 |    29 |   110 |    35 ||   188
       Javelin           |    15 |     7 |       |       ||    22
Invok: Berserk           |     1 |     2 |     9 |     4 ||    16
       Trog's Hand       |       |       |     1 |       ||     1
       Brothers in Arms  |       |       |       |     1 ||     1
  Use: Scroll            |     6 |     1 |     9 |     4 ||    20
       Potion            |     1 |     1 |     3 |     3 ||     8
Armor: Animal skin       |     6 |       |       |       ||     6
       Chain mail        |    13 |    41 |    69 |    12 ||   135
       Plate armour      |       |       |       |    37 ||    37
Dodge: Dodged            |    38 |    28 |    76 |    50 ||   192

Table legend:
 A = Non-vault XP
 B = Vault XP
 C = Vault XP percentage of total XP
 D = Non-vault monster count
 E = Vault monster count
 F = Vault count percentage of total count
                 A         B        C        D         E       F
            +---------+---------+-------+---------+---------+-------
      Total |    9132 |    5061 |  35.7 |     201 |      80 |  28.5
            +---------+---------+-------+---------+---------+-------
        D:1 |      38 |       0 |   0.0 |      23 |       0 |   0.0
        D:2 |      53 |      65 |  55.1 |      18 |      23 |  56.1
        D:3 |      73 |       1 |   1.4 |      25 |       1 |   3.8
        D:4 |     121 |       4 |   3.2 |      18 |       3 |  14.3
        D:5 |    1404 |     305 |  17.8 |      23 |       3 |  11.5
        D:6 |     484 |     864 |  64.1 |      11 |       3 |  21.4
        D:7 |    3299 |     971 |  22.7 |      50 |       5 |   9.1
        D:8 |    2100 |     844 |  28.7 |      28 |       1 |   3.4
     Lair:1 |    1560 |    1462 |  48.4 |       5 |       5 |  50.0
      Sewer |       0 |     545 | 100.0 |       0 |      36 | 100.0
            +---------+---------+-------+---------+---------+-------
